 Dungeon Crawl Stone Soup version 0.27-a0-1519-gc8121b2 (webtiles) character file.

Game seed: 9550571191313079686

349 Illumine the Vexing (level 6, -5/34 HPs)
             Began as a Deep Elf Enchanter on July 10, 2021.
             Was an Initiate of Sif Muna.
             Slain by a black bear (8 damage)
             ... on level 4 of the Dungeon.
             The game lasted 00:09:43 (4120 turns).

Illumine the Vexing (Deep Elf Enchanter)            Turns: 4120, Time: 00:09:44

Health: -5/34      AC:  6    Str:  5    XL:     6   Next: 33%
Magic:  9/15       EV: 12    Int: 22    God:    Sif Muna [......]
Gold:   156        SH:  0    Dex: 15    Spells: 3/15 levels left

rFire    x . .     SeeInvis .   a - +1 dagger
rCold    + . .     Faith    .   (no shield)
rNeg     . . .     Spirit   .   b - +0 robe
rPois    .         Reflect  .   (no helmet)
rElec    .         Harm     .   (no cloak)
rCorr    .         Rampage  .   (no gloves)
Will     .....                  (no boots)
Stlth    +++.......             i - amulet of magic regeneration
HPRegen  0.11/turn              x - ring of ice
MPRegen  0.39/turn              r - +4 ring of protection

@: confusing by touch
A: no striking features
a: Renounce Religion


You were on level 4 of the Dungeon.
You worshipped Sif Muna.
Sif Muna was noncommittal.
You visited 1 branch of the dungeon, and saw 4 of its levels.

You collected 156 gold pieces.

Inventory:

Hand Weapons
 a - a +1 dagger (weapon)
Missiles
 n - 8 atropa-tipped darts
 o - 37 poisoned darts
Armour
 b - a +0 robe (worn)
 u - a scarf of harm
 w - a +0 buckler
Magical Staves
 f - a staff of poison
Jewellery
 c - a ring of see invisible
 i - an amulet of magic regeneration (around neck)
 m - a ring of protection from cold
 r - a +4 ring of protection (right hand)
 v - a +4 ring of protection
 x - a ring of ice (left hand)
Scrolls
 d - a scroll of identify
 k - a scroll of teleportation {unknown}
 p - a scroll of acquirement {unknown}
 s - a scroll of fog {unknown}
 y - a scroll of enchant armour {unknown}
Potions
 e - a potion of ambrosia {unknown}
 g - a potion of heal wounds {unknown}
 j - a potion of haste {unknown}
 l - a potion of attraction {unknown}
 t - 2 potions of resistance {unknown}


   Skills:
 + Level 1.4 Fighting
 + Level 3.1 Short Blades
 - Level 2.4 Dodging
 + Level 4.7 Stealth
 + Level 5.1 Spellcasting
 + Level 0.4 Conjurations
 + Level 5.7 Hexes
 - Level 1.0 Ice Magic


You had 3 spell levels left.
You knew the following spells:

 Your Spells              Type           Power      Damage    Failure   Level
a - Corona                Hex            33%        N/A       1%          1
b - Ensorcelled Hibernat  Hex/Ice        60%        N/A       3%          2
c - Confusing Touch       Hex            30%        N/A       2%          3
d - Tukima's Dance        Hex            30%        N/A       2%          3
e - Dazzling Flash        Conj/Hex       38%        N/A       9%          3

Your spell library contained the following spells:

 Spells                   Type           Power      Damage    Failure   Level


Dungeon Overview and Level Annotations

Branches:
Dungeon (4/15)
 Temple: D:4-7

Altars:
Sif Muna

Portals:
Sewer: D:4


Message History

You hit the black bear.
The black bear is almost dead.
The black bear goes berserk!
Casting: Ensorcelled Hibernation (safe; 3% risk of failure)
Confirm with . or Enter, or press ? or * to list all spells.
Your hands begin to glow red.
The black bear completely misses you. The black bear misses you.
The black bear claws you.
The black bear bites you but does no damage.
The black bear claws you but does no damage.
The black bear claws you.
You completely miss the black bear.
The black bear is almost dead.
The black bear bites you. The black bear barely misses you.
The black bear closely misses you.
You barely miss the black bear.
The black bear is almost dead.
The black bear bites you!
* * * LOW HITPOINT WARNING * * *
The black bear claws you.
* * * LOW HITPOINT WARNING * * *
The black bear claws you but does no damage.
Casting: Confusing Touch (dangerous; 2% risk of failure)
Confirm with . or Enter, or press ? or * to list all spells.
Okay, then.
Casting: Confusing Touch (dangerous; 2% risk of failure)
Confirm with . or Enter, or press ? or * to list all spells.
The black bear is dazzled.
The black bear completely misses you. The black bear claws you.
* * * LOW HITPOINT WARNING * * *
The black bear claws you.
* * * LOW HITPOINT WARNING * * *
The black bear bites you.
* * * LOW HITPOINT WARNING * * *
The black bear barely misses you.
The black bear claws you but does no damage.
Unknown command.
You barely miss the black bear.
The black bear is almost dead.
The black bear bites you!
You die...

#..................<#.#
########.###........#.#
#.# #.####.....##....
#.# #.# #.#.####...(
#.# #.# #.#.# #.... #.#
#.# #.#.# #....
#.###.####.#.# #....
#+##.......... +....
#@#######.# ##.... #h#
#.###..... #.#
###.....###' .>.
........#≈r≈ ###
###.....#≈≈r #.....#≈≈∩
#.....#≈≈≈ #...^.#≈≈≈
#.....####


You could see a black bear (berserk, blind).

Vanquished Creatures
  A bullfrog (D:3)
  A scorpion (D:4)
  Terence (D:2)
  2 gnolls (D:3)
  10 adders
  A white imp (D:3)
  An adder skeleton (D:4)
  A worm (D:2)
  3 dart slugs
  An orc (D:2)
  6 ball pythons
  3 endoplasms
  3 giant cockroaches (D:4)
  5 goblins
  5 hobgoblins
  11 jackals
  4 kobolds
  3 quokkas
  4 bats
  A frilled lizard (D:2)
  5 rats
72 creatures vanquished.

Vanquished Creatures (collateral kills)
  A gnoll (D:3)
1 creature vanquished.

Vanquished Creatures (others)
  A dancing weapon (D:3)
  A fungus (D:2)
  4 plants (D:2)
6 creatures vanquished.

Grand Total: 79 creatures vanquished

Notes
Turn   | Place    | Note
-------+----------+-------------------------------------------
     0 | D:1      | Illumine the Deep Elf Enchanter began the quest for the
                  | Orb.
     0 | D:1      | Reached XP level 1. HP: 10/10 MP: 6/6
   151 | D:1      | Reached XP level 2. HP: 12/15 MP: 6/8
   154 | D:1      | Learned a level 2 spell: Ensorcelled Hibernation
  1282 | D:2      | Reached XP level 3. HP: 19/19 MP: 7/10
  1294 | D:2      | Learned a level 3 spell: Confusing Touch
  1298 | D:2      | Learned a level 3 spell: Tukima's Dance
  1333 | D:2      | Reached skill level 1 in Ice Magic
  1544 | D:2      | Found a faded altar of an unknown god.
  1750 | D:2      | Reached XP level 4. HP: 24/24 MP: 6/12
  1820 | D:2      | Noticed Terence
  1833 | D:2      | Killed Terence
  1834 | D:2      | Reached skill level 5 in Hexes
  2498 | D:3      | Noticed an ice beast
  2554 | D:3      | Reached XP level 5. HP: 18/28 MP: 4/13
  2732 | D:3      | Reached skill level 1 in Fighting
  3075 | D:3      | Reached XP level 6. HP: 34/34 MP: 12/15
  3402 | D:4      | Learned a level 3 spell: Dazzling Flash
  3682 | D:4      | Found a shimmering blue altar of Sif Muna.
  3687 | D:4      | Became a worshipper of Sif Muna the Loreminder
  3743 | D:4      | Reached skill level 5 in Spellcasting
  3780 | D:4      | Found a glowing drain.
  4120 | D:4      | Slain by a black bear

Illustrated notes

Levels and vault maps discovered:
D:1:      eino_arrival_tree_alley, layout_loops_ring
D:2:      layout_basic, shapermc_ecumenical_altar_mp_urbaneastern,
          lemuel_another_geyser, uniq_terence
D:3:      layout_basic, chequers_decorated_corner, minmay_cupped
D:4:      layout_basic, lemuel_doored_altar, portal_sewer_entry_c,
          minmay_misc_feat_four_crosses

Skill      XL: |  1  2  3  4  5  6 |
---------------+-------------------+-----
Stealth        | 4 |  4.7
Ice Magic      | 1 |  1.0
Short Blades   | 2 3 |  3.1
Spellcasting   | 4 5 |  5.1
Hexes          | 5 |  5.7
Fighting       | 1 |  1.4
Dodging        | |  2.4
Conjurations   | |  0.4

Action                   |  1- 3 |  4- 6 || total
-------------------------+-------+-------++-------
Melee: Dagger            |    61 |   128 ||   189
 Cast: Corona            |     4 |       ||     4
       Ensorcelled Hiber |    34 |    48 ||    82
       Confusing Touch   |       |     7 ||     7
       Tukima's Dance    |       |     4 ||     4
       Dazzling Flash    |       |     2 ||     2
  Use: Scroll            |     2 |     1 ||     3
       Potion            |       |     4 ||     4
 Stab: Sleeping          |    27 |    31 ||    58
       Distracted        |       |     1 ||     1
       Confused          |       |     1 ||     1
Armor: Robe              |    20 |    54 ||    74
Dodge: Dodged            |    52 |    99 ||   151

Table legend: (Time is in decaauts)
 A = Elapsed time spent in this place.
 B = Non-inter-level travel time spent in this place.
 C = Inter-level travel time spent in this place.
 D = Time resting spent in this place.
 E = Time spent auto-exploring this place.
 F = Levels seen in this place.
 G = Mean time per level.
                   A        B        C        D        E       F      G
               +--------+--------+--------+--------+--------+-----+--------+
         Total |   4098 |   3917 |    181 |   1484 |   1402 |   4 | 1024.5 |
       Dungeon |   4098 |   3917 |    181 |   1484 |   1402 |   4 | 1024.5 |
               +--------+--------+--------+--------+--------+-----+--------+

Top non-repeatable levels by time:
     D:2: 1288 daAuts
     D:1: 1270 daAuts
     D:3: 1015 daAuts
     D:4: 524 daAuts
